 Dungeon Crawl Stone Soup version 0.20-a0-1101-g1de9d76 (webtiles) character file.

336 theAP the Cudgeler (level 6, -4/57 HPs)
             Began as a Minotaur Fighter on May 4, 2017.
             Slain by Duvessa
             ... wielding a +6 rapier of draining
              (12 damage)
             ... on level 4 of the Dungeon.
             The game lasted 00:06:54 (2684 turns).

theAP the Cudgeler (Minotaur Fighter)               Turns: 2684, Time: 00:06:55

Health: -4/57      AC: 12    Str: 21 (23) XL:     6   Next: 28%
Magic:  5/5        EV: 17    Int:  5      God:
Gold:   202        SH:  0    Dex:  6 (9)  Spells: 5/5 levels left

rFire    . . .     SeeInvis .   (weapon currently unavailable)
rCold    . . .     Gourm    .   (shield currently unavailable)
rNeg     + + +     Faith    .   (armour currently unavailable)
rPois    +         Spirit   .   (helmet currently unavailable)
rElec    .         Reflect  .   (cloak currently unavailable)
rCorr    .         Harm     .   (gloves currently unavailable)
MR       .....                  (boots currently unavailable)
Stlth    +.........             (no amulet)
Regen    0.2/turn               n - ring of positive energy
MPRegen  0.1/turn               (no ring)

@: fungus-form (expiring)
A: (retaliatory headbutt)
a: no special abilities


You were on level 4 of the Dungeon.
You were not hungry.
You were a sentient fungus.
You visited 1 branch of the dungeon, and saw 4 of its levels.

You collected 202 gold pieces.

Inventory:

Hand Weapons
 a - a +0 flail (melded)
 t - a -2 whip
Armour
 b - a +0 scale mail (melded)
 c - a +1 shield (melded)
 k - a +0 cloak (melded)
Jewellery
 n - a ring of positive energy (left hypha)
Wands
 q - a wand of flame (23/48)
Scrolls
 e - a scroll of enchant armour
 g - a scroll of blinking
 l - a scroll of identify
 p - a scroll of amnesia {unknown}
Potions
 j - a potion of brilliance
 m - 3 potions of lignification
Comestibles
 f - 4 bread rations
 h - 2 fruits
 i - 4 royal jellies
 o - 5 meat rations


   Skills:
 + Level 5.7 Fighting
 * Level 6.7 Maces & Flails
 - Level 3.6 Armour
 - Level 3.6 Shields


You had 5 spell levels left.
You didn't know any spells.

Dungeon Overview and Level Annotations

Branches:
Dungeon (4/15)
 Temple: D:4-7

Altars:
Cheibriados

Shops:
D:4 :(((

Annotations:
D:4 Dowan, Duvessa, Sigmund


Innate Abilities, Weirdness & Mutations

((You reflexively headbutt those who attack you in melee.))
((You have a pair of horns on your head.))


Message History

You have no means to grasp a wand firmly enough.
Your transformation is almost over.
Duvessa says, "Where magic fails, the sword succeeds!"
Duvessa completely misses you.
Dowan gestures wildly while chanting.
Dowan blinks!
Something barely misses you.
Duvessa zaps a wand.
You resist with some effort.
Duvessa zaps a wand.
You resist with some effort. Something closely misses you.
Duvessa hits you with a rapier of draining.
Duvessa zaps a wand.
Duvessa closely misses you. Something hits you.
Duvessa hits you with a rapier of draining!
* * * LOW HITPOINT WARNING * * *
Dowan gestures wildly while chanting.
Dowan blinks!
Duvessa misses you. Something hits you.
* * * LOW HITPOINT WARNING * * *
Duvessa hits you with a rapier of draining.
* * * LOW HITPOINT WARNING * * *
Duvessa hits you with a rapier of draining!
You die...

##...................#.....#
#§
............########.......#
#§ ##.#.##...#..# #####(#.#
#§ ##.#<...####.###
#...#####.
##.#.....###...######
###..§§§a)
##...###....##.......
#..§§§.. ....## ####....#
##.§§§.. ##.##
####.########... #####.
##.### #..fe{o...... ......
#####o....... ##.##.
#.oo....... ......
.e.......e... ......
#.............. ......
............... .^....
######......... ......
##.......o ...... #........


You could see Duvessa, Dowan and 2 orcs.

Vanquished Creatures
  An ogre (D:3)
  A centaur skeleton (D:4)
  Jessica (D:2)
  Crazy Yiuf (D:2)
  7 adders
  An ooze (D:3)
  3 worms
  6 dart slugs
  3 leopard geckos
  6 orcs
  5 bats
  3 giant cockroaches
  8 hobgoblins
  9 jackals
  6 kobolds
  A ball python (D:1)
  5 frilled lizards
  17 goblins
  7 rats
91 creatures vanquished.

Notes
Turn   | Place    | Note
-------+----------+-------------------------------------------
     0 | D:1      | theAP the Minotaur Fighter began the quest for the Orb.
     0 | D:1      | Reached XP level 1. HP: 19/19 MP: 0/0
   216 | D:1      | Reached XP level 2. HP: 23/27 MP: 1/1
   219 | D:1      | Reached skill level 3 in Maces & Flails
   669 | D:2      | Noticed Jessica
   676 | D:2      | Reached XP level 3. HP: 33/33 MP: 2/2
   692 | D:2      | Killed Jessica
   692 | D:2      | Reached skill level 4 in Maces & Flails
   904 | D:2      | Found a snail-covered altar of Cheibriados.
   913 | D:2      | Reached XP level 4. HP: 36/41 MP: 3/3
  1337 | D:2      | Reached skill level 5 in Maces & Flails
  1535 | D:2      | Found a runed door.
  1539 | D:2      | Noticed Crazy Yiuf
  1546 | D:2      | Killed Crazy Yiuf
  1579 | D:2      | Reached skill level 5 in Fighting
  1579 | D:2      | Reached XP level 5. HP: 32/48 MP: 2/4
  1770 | D:3      | Noticed an ogre
  1802 | D:3      | Killed an ogre
  1802 | D:3      | Reached skill level 6 in Maces & Flails
  1909 | D:3      | Reached XP level 6. HP: 46/56 MP: 5/5
  2337 | D:4      | Found Adghyug's Antique Weapon Emporium.
  2337 | D:4      | Found Miodapren's Weapon Boutique.
  2546 | D:4      | Found Wiluykuc's Antique Weapon Boutique.
  2577 | D:4      | Found Nezxudag's Book Shoppe.
  2659 | D:4      | Noticed Duvessa
  2659 | D:4      | Noticed Dowan
  2659 | D:4      | Noticed Sigmund
  2684 | D:4      | Slain by Duvessa

Vault maps used:
D:1:      sevenhm_arrival_forest_fort_small_4
D:2:      first_bread, cheibriados_altar_1, uniq_crazy_yiuf_cottage,
          uniq_jessica
D:3:      minmay_ogre_servants
D:4:      serial_shops, shop_coins, nicolae_shop_overgrown_old_shop, shop, shop,
          lemuel_flame_loot_1, uniq_edmund, uniq_blork_the_orc, uniq_duvessa,
          uniq_sigmund

Skill      XL: |  1  2  3  4  5 |
---------------+----------------+-----
Maces & Flails | 3 4 5 6 |  6.7
Fighting       | 4 5 |  5.7
Armour         | |  3.6
Shields        | |  3.6

Action                   |  1- 3 |  4- 6 || total
-------------------------+-------+-------++-------
Melee: Flail             |    79 |    57 ||   136
       Headbutt          |    12 |    31 ||    43
       Whip              |       |   145 ||   145
  Use: Scroll            |       |    10 ||    10
       Potion            |       |     6 ||     6
  Eat: Chunk             |       |     6 ||     6
Armor: Scale mail        |    40 |    51 ||    91
       Skin              |       |     3 ||     3
Dodge: Dodged            |    21 |    67 ||    88
Block: Shield            |    46 |    63 ||   109
